 Dungeon Crawl Stone Soup version 0.28.0 (webtiles) character file.

Game seed: 11397066882865542554

551 RighteousDevil the Poker (level 7, -3/55 HPs)
             Began as a Grey Draconian Warper on Feb 14, 2022.
             Was a Priest of Makhleb.
             Succumbed to a scorpion's poison
             ... on level 5 of the Dungeon.
             The game lasted 00:08:21 (4432 turns).

RighteousDevil the Poker (Grey Draconian Warper)    Turns: 4432, Time: 00:08:21

Health: -3/55      AC: 12    Str: 13    XL:     7   Next: 7%
Magic:  10/10      EV: 11    Int: 17    God:    Makhleb [***...]
Gold:   159        SH:  3    Dex: 13    Spells: 8/10 levels left

rFire   . . .      SeeInvis .   b - +4 spear "Yraaczue" {holy, Int+4}
rCold   . . .      Faith    .   d - +0 buckler
rNeg    . . .      Spirit   .   (armour unavailable)
rPois   .          Reflect  .   (helmet restricted)
rElec   .          Harm     .   (no cloak)
rCorr   .          Rampage  .   (no gloves)
Will    .....                   e - +0 pair of boots
Stlth   +.........              (no amulet)
HPRegen 0.18/turn               (no ring)
MPRegen 0.12/turn               (no ring)

@: brilliant, lethally poisoned (-3 -> -24), attractive
A: AC +11, amphibious, unfitting armour, cold-blooded, hooves 1, horns 1
a: Renounce Religion, Minor Destruction, Lesser Servant of Makhleb


You were on level 5 of the Dungeon.
You worshipped Makhleb.
Makhleb was most pleased with you.
You visited 1 branch of the dungeon, and saw 5 of its levels.

You collected 159 gold pieces.

Inventory:

Hand Weapons
 a - a +0 trident
 b - the +4 spear "Yraaczue" (weapon) {holy, Int+4}
   (You found it on level 4 of the Dungeon)

   It has been blessed by the Shining One to cause great damage to the undead
   and demons.
   Int:       It affects your intelligence (+4).
Missiles
 c - 5 boomerangs of dispersal
 h - 4 boomerangs
Armour
 d - a +0 buckler (worn)
 e - a +0 pair of boots (worn)
Jewellery
 i - a +6 ring of intelligence
Scrolls
 l - a scroll of amnesia {unknown}
 m - a scroll of identify


   Skills:
 - Level 2.1 Fighting
 + Level 6.0 Polearms
 - Level 0.8 Throwing
 - Level 2.1 Dodging
 - Level 2.0 Spellcasting
 - Level 3.0 Translocations
 + Level 5.1 Invocations


You had 8 spell levels left.
You knew the following spells:

 Your Spells              Type           Power      Damage    Failure   Level
a - Blink                 Tloc           34%        N/A       12%         2

Your spell library contained the following spells:

 Spells                   Type           Power      Damage    Failure   Level
 Gell's Gravitas          Tloc           17%        N/A       22%         3
 Lesser Beckoning         Tloc           17%        N/A       22%         3
 Teleport Other           Tloc           17%        N/A       22%         3
 Beastly Appendage        Tmut           4%         N/A       26%         1
 Magic Dart               Conj           8%         1d3       26%         1
 Searing Ray              Conj           4%         2d4       36%         2
 Wereblood                Tmut           2%         N/A       36%         2
 Spider Form              Tmut/Pois      2%         N/A       61%         3
 Manifold Assault         Tloc           17%        N/A       91%         5
 Fulminant Prism          Conj/Hex       1%         3d6       95%         4
 Dispersal                Tloc           8%         N/A       100%        6


Dungeon Overview and Level Annotations

Branches:
Dungeon (5/15)             Temple (0/1) D:4

Altars:
Makhleb

Shops:
D:1 ?

Annotations:
D:5 Sigmund


Innate Abilities, Weirdness & Mutations

Your dull iron-grey scales are very hard. (AC +11)
You are amphibious.
You cannot fit into any form of body armour.
You are cold-blooded and may be slowed by cold attacks.
You have large cloven feet.
You have a pair of small horns on your head.


Message History

Something hits you.
The scorpion stings you but does no damage.
Something is attracted toward you.
The scorpion stings you but does no damage.
Something is attracted toward you.
Aiming: Minor Destruction (1% risk of failure)
Press: ? - help, Q - select action, (/) - cycle Shift-Dir - straight line, f/p - scorpion
Aim: a scorpion (moderately wounded, inner flame)
The zap hits the scorpion but does no damage.
The scorpion is moderately wounded.
The zap hits something but does no damage.
The scorpion stings you.
You are poisoned.
The scorpion poisons you! Something hits you.
Unknown command.
You feel sick. The scorpion stings you!
* * * LOW HITPOINT WARNING * * *
You are lethally poisoned!
The scorpion poisons you! Something is attracted toward you.
There is an open door here.
* * * LOW HITPOINT WARNING * * *
You feel very sick. Something is attracted toward you.
* * * LOW HITPOINT WARNING * * *
You feel sick. Something is attracted toward you.
You aren't carrying any potions.
You aren't carrying any items that you can evoke.
As you read the scroll labelled BEUMESH XEUD, it crumbles to dust.
The scroll dissolves into smoke.
It was a scroll of fog.
* * * LOW HITPOINT WARNING * * *
You feel sick. The scorpion stings you.
* * * LOW HITPOINT WARNING * * *
You are more poisoned.
The scorpion poisons you! Something hits you.
* * * LOW HITPOINT WARNING * * *
You aren't carrying any potions.
Unknown command.
You barely miss the scorpion.
Your tail-slap misses the scorpion.
The scorpion is lightly wounded.
You die...

##########.#########
.......[...........#
>...................
.#########.#..####>#
#.#..# #.# ####+#+#####
#....# #..
#......§§§§#####...#######
#......§§§§{§§..........
#......§§@s#####.#.#####
#......§§§§# #.#.#
####+#'##### #.#.####
#.#.#########.#.....
#.#.##...........##
#....#.....§.........
#....#...........####
#....############# #<...#


You could see a scorpion (inner flame).

Vanquished Creatures
  An orc warrior (D:4)
  An ice beast (D:5)
  A water moccasin skeleton (D:5)
  A hound (D:5)
  An orc priest (D:4)
  Jessica (D:3)
  A hound skeleton (D:5)
  10 adders
  An adder skeleton (D:4)
  3 worms
  2 dart slugs (D:1)
  9 orcs
  9 bats
  10 endoplasms
  4 giant cockroaches
  6 goblins
  4 hobgoblins
  7 jackals
  A quokka (D:3)
  10 ball pythons
  12 kobolds
  7 rats
102 creatures vanquished.

Notes
Turn   | Place    | Note
-------+----------+-------------------------------------------
     0 | D:1      | RighteousDevil the Draconian Warper began the quest for the
                  | Orb.
     0 | D:1      | Reached XP level 1. HP: 17/17 MP: 3/3
   140 | D:1      | Found Okiadgh's Magic Scroll Shoppe.
   262 | D:1      | Reached XP level 2. HP: 19/24 MP: 5/5
   410 | D:1      | Reached skill level 3 in Polearms
   598 | D:1      | Found a faded altar of an unknown god.
   611 | D:1      | Prayed at the altar of an unknown god.
   611 | D:1      | Became a worshipper of Makhleb the Destroyer
   611 | D:1      | Reached * piety under Makhleb
   808 | D:2      | Reached XP level 3. HP: 29/29 MP: 6/6
  1193 | D:2      | Reached skill level 1 in Invocations
  1605 | D:2      | Reached skill level 4 in Polearms
  1605 | D:2      | Reached XP level 4. HP: 36/36 MP: 7/7
  1971 | D:2      | Reached ** piety under Makhleb
  2284 | D:3      | Noticed Jessica
  2296 | D:3      | Gained mutation: You do not regenerate when monsters are
                  | visible. [potion of mutation]
  2296 | D:3      | Gained mutation: You are agile. (Dex +2) [potion of
                  | mutation]
  2298 | D:3      | Lost mutation: You are agile. (Dex +2) [potion of mutation]
  2298 | D:3      | Lost mutation: You do not regenerate when monsters are
                  | visible. [potion of mutation]
  2298 | D:3      | Gained mutation: You have large cloven feet. [potion of
                  | mutation]
  2298 | D:3      | Gained mutation: You have a pair of small horns on your
                  | head. [potion of mutation]
  2657 | D:3      | Killed Jessica
  2658 | D:3      | Reached XP level 5. HP: 39/41 MP: 8/8
  2723 | D:3      | Learned a level 2 spell: Blink
  3228 | D:4      | Identified the +4 spear "Yraaczue" {holy, Int+4}
  3287 | D:4      | Noticed an orc warrior
  3335 | D:4      | Killed an orc warrior
  3336 | D:4      | Reached skill level 5 in Polearms
  3336 | D:4      | Reached XP level 6. HP: 34/48 MP: 9/9
  3341 | D:4      | Reached *** piety under Makhleb
  3687 | D:4      | Found a staircase to the Ecumenical Temple.
  3787 | D:5      | Entered Level 5 of the Dungeon
  4212 | D:5      | Noticed an ice beast
  4237 | D:5      | Killed an ice beast
  4238 | D:5      | Reached skill level 6 in Polearms
  4238 | D:5      | Reached skill level 5 in Invocations
  4238 | D:5      | Your scales start taking on a dull iron-grey colour.
  4238 | D:5      | Reached XP level 7. HP: 29/55 MP: 10/10
  4371 | D:5      | Noticed Sigmund
  4431 | D:5      | HP: 1/55 [something (2)]
  4432 | D:5      | Succumbed to a scorpion's poison

Illustrated notes

Levels and vault maps discovered:
D:1:      ncdulo_lavacross, layout_loops_ring,
          shapermc_ecumenical_altar_notcrosses, serial_shops, shop_statue
D:2:      layout_loops_ring
D:3:      layout_basic, uniq_jessica
D:4:      layout_rooms, temple_statues, columned_hall_lemuel
D:5:      layout_basic, uniq_sigmund

Skill      XL: |  1  2  3  4  5  6 |
---------------+-------------------+-----
Polearms       | 3 4 5 6 |  6.0
Invocations    | 1 2 3 5 |  5.1
Fighting       | |  2.1
Throwing       | |  0.8
Dodging        | |  2.1
Spellcasting   | |  2.0
Translocations | |  3.0

Action                   |  1- 3 |  4- 6 |  7- 9 || total
-------------------------+-------+-------+-------++-------
Melee: Spear             |   137 |   218 |     5 ||   360
       Tailslap          |    12 |    21 |       ||    33
       Punch             |     1 |       |       ||     1
       Trident           |       |    33 |       ||    33
       Headbutt          |       |    16 |     1 ||    17
       Kick              |       |     2 |       ||     2
Invok: Minor Destruction |       |    25 |     7 ||    32
  Use: Potion            |       |     4 |     3 ||     7
       Scroll            |       |     2 |     2 ||     4
 Stab: Sleeping          |     1 |     3 |       ||     4
Armor: Skin              |    32 |   103 |    13 ||   148
Dodge: Dodged            |    47 |   173 |     8 ||   228
Block: Buckler           |       |    12 |     3 ||    15
